 Dungeon Crawl Stone Soup version 0.30-a0-553-g7fabdf1491 (webtiles) character file.

Game seed: 596508313124643305

11867 voltaire321 the Spear-Bearer (level 11, -6/82 HPs)
             Began as a Merfolk Gladiator on Dec 26, 2022.
             Was a Priest of Hepliaklqana.
             Engulfed by a death drake's foul pestilence (16 damage)
             ... in a Gauntlet on Dec 27, 2022.
             The game lasted 00:39:52 (11592 turns).

voltaire321 the Spear-Bearer (Merfolk Gladiator)   Turns: 11592, Time: 00:39:53

Health: -6/82      AC: 13    Str: 14    XL:     11   Next: 84%
Magic:  15/15      EV: 22    Int:  8    God:    Hepliaklqana [***...]
Gold:   879        SH:  0    Dex: 20    Spells: 10/10 levels left

rFire   . . .      SeeInvis .    a - +0 trident (flame)
rCold   . . .      Faith    .    (no shield)
rNeg    + . .      Spirit   .    D - +1 swamp dragon scales
rPois   +          Reflect  .    c - +1 helmet
rElec   .          Harm     .    (no cloak)
rCorr   .          Rampage  .    (no gloves)
Will    .....      NoTele   +    i - +0 pair of boots
Stlth   +                        (no amulet)
HPRegen 0.33/turn                g - ring of positive energy
MPRegen 0.14/turn                u - +4 ring of evasion

@: lethally poisoned (-6 -> -26), slowed, very slow
A: reduced essence, (nimble swimmer 2), mertail
a: Renounce Religion, Recall Ancestor, Ancestor Identity, Transference


You were in a Gauntlet.
You worshipped Hepliaklqana.
Hepliaklqana was most pleased with you.
You visited 2 branches of the dungeon, and saw 12 of its levels.
You also visited: Gauntlet.

You collected 1387 gold pieces.
You spent 508 gold pieces at shops.

Inventory:

Hand Weapons
 a - a +0 trident of flaming (weapon)
Missiles
 b - 5 boomerangs
 d - 3 throwing nets
 e - a javelin
 x - 30 poisoned darts
 z - 4 curare-tipped darts (quivered)
Armour
 c - a +1 helmet (worn)
 i - a +0 pair of boots (worn)
 D - +1 swamp dragon scales (worn)
 H - a +2 ring mail of cold resistance
Jewellery
 g - a ring of positive energy (left hand)
 r - the amulet of Paranoia {Acrobat Str+2}
   (You found it in a Gauntlet)

   [amulet of the acrobat]

   It increases your evasion while moving and waiting.
   Str:       It affects your strength (+2).
 u - a +4 ring of evasion (right hand)
 C - a ring of positive energy
Wands
 A - a wand of charming (16)
 F - a wand of roots (8)
Scrolls
 f - 2 scrolls of amnesia
 h - a scroll of brand weapon
 m - 3 scrolls of identify
 o - a scroll of poison
 q - 3 scrolls of enchant armour
 w - 3 scrolls of magic mapping
 y - 8 scrolls of teleportation
Potions
 j - 3 potions of flight
 k - 4 potions of curing
 l - a potion of degeneration {unknown}
 n - a potion of ambrosia {unknown}
 s - a potion of berserk rage
 t - a potion of invisibility
 v - 3 potions of mutation
 B - a potion of might {unknown}
 E - a potion of cancellation {unknown}


   Skills:
 + Level 10.3 Fighting
 + Level 12.5 Polearms
 + Level 7.0 Throwing
 - Level 5.0 Armour
 + Level 12.3 Dodging
 + Level 6.3 Invocations
 + Level 3.6 Evocations


You had 10 spell levels left.
You didn't know any spells.
Your spell library contained the following spells:

 Spells                   Type           Power      Damage    Failure   Level
 Freeze                   Ice            0%         1d3       63%         1
 Magic Dart               Conj           0%         1d3       63%         1
 Summon Small Mammal      Summ           0%         N/A       63%         1
 Call Imp                 Summ           0%         N/A       77%         2
 Ensorcelled Hibernation  Hex/Ice        0%         N/A       77%         2
 Searing Ray              Conj           0%         2d4       77%         2
 Static Discharge         Conj/Air       0%         2-2/arc   77%         2
 Call Canine Familiar     Summ           0%         N/A       94%         3
 Frozen Ramparts          Ice            0%         1d1       94%         3
 Hailstorm                Conj/Ice       0%         3d3       94%         3
 Inner Flame              Hex/Fire       0%         N/A       94%         3
 Mephitic Cloud           Conj/Pois/Air  0%         N/A       94%         3
 Spider Form              Tmut/Pois      0%         N/A       94%         3
 Summon Guardian Golem    Hex/Summ       0%         N/A       94%         3
 Vhi's Electric Charge    Tloc/Air       0%         N/A       94%         3
 Anguish                  Hex/Necr       0%         N/A       100%        4
 Cause Fear               Hex            0%         N/A       100%        4
 Fulminant Prism          Conj/Hex       0%         3d5       100%        4
 Leda's Liquefaction      Hex/Erth       0%         N/A       100%        4
 Arcjolt                  Conj/Air       0%         1d10      100%        5
 Lee's Rapid Deconstruct  Erth           0%         3d4*      100%        5
 Lightning Bolt           Conj/Air       0%         1d11      100%        5
 Statue Form              Tmut/Erth      0%         N/A       100%        6
 Discord                  Hex            0%         N/A       100%        8


Dungeon Overview and Level Annotations

Branches:
Dungeon (11/15)            Temple (1/1) D:4             Orc (0/2) D:9
Gauntlet (1/1)
   Lair: D:8-11

Altars:
Ashenzari
Cheibriados
Dithmenos
Elyvilon
Fedhas
Gozag
Hepliaklqana
Kikubaaqudgha
Makhleb
Nemelex Xobeh
Okawaru
Qazlal
Ru
Sif Muna
Trog
Uskayaw
Vehumet
Wu Jian
Xom
Yredelemnul
Zin
The Shining One

Shops:
D:5 (:?   D:9 !(   D:10 [

Annotations:
D:9 3 transporters Gauntlet 7 transporters, 1 runed translucent door, exclusion: obsidian statue


Innate Abilities, Weirdness & Mutations

Your life essence is reduced to manifest your ancestor. (-10% HP)
((You are very nimble when in or above water. (Stealth+, EV+, Speed+++)))
Your lower body shifts to a powerful aquatic tail in water.


Message History

Anything else - Cancel.
Okay, then.
You start resting.
The harpy zombie is no longer charmed.
The harpy zombie completely misses you. The harpy zombie closely misses you.
The harpy zombie completely misses you. x2
A harpy zombie is nearby!
You puncture the harpy zombie! You burn the harpy zombie.
The harpy zombie is severely damaged.
The harpy zombie barely misses you.
The harpy zombie claws you but does no damage.
The harpy zombie misses you. The harpy zombie completely misses you.
You puncture the harpy zombie! You burn the harpy zombie.
The harpy zombie is almost destroyed.
The harpy zombie barely misses you. x2
You hit the harpy zombie. You burn the harpy zombie.
The harpy zombie is almost destroyed.
The harpy zombie closely misses you. The harpy zombie barely misses you.
The harpy zombie claws you.
* * * LOW HITPOINT WARNING * * *
The harpy zombie completely misses you.
You puncture the harpy zombie! You burn the harpy zombie.
You destroy the harpy zombie!
Your Throwing skill increases to level 7!
You start resting.
Synnove has departed this plane of existence.
You start resting.
A death drake is nearby!
The death drake hisses angrily.
The death drake breathes miasma at you. The foul vapour engulfs you!
* * * LOW HITPOINT WARNING * * *
You are engulfed in dark miasma.
You feel yourself slow down.
* * * LOW HITPOINT WARNING * * *
Aiming: Charm
Press: ? - help, Shift-Dir - straight line, f - death drake
Aim: a death drake (foul pestilence, moderately wounded, chance to affect: 40%)
The death drake is charmed.
You are engulfed in dark miasma.
You are lethally poisoned!
You feel as though you will be slow longer.
You die...

#.©.#.P...#[#.#.8.#.
#...#.....#8......#.
#.©.#.....#########. .
#...#..∩............ .
#.©.#.....#######
#.#...#.....#...#..
..#.#°©°#.....#[#z#.#
.....k.°°#.♣...#z#.#.#
##.###○♣@#...P.#z##©##
.......○##..♣.#z#.#.#
#####°♣°###.P.#z#z#.#
#.°°##≈...#zzz#..z#.
#####≈≈...#########.
##≈.♣.........#©
##.P.#########.
##≈...#.....###.
#≈≈...#"##.####.


You could see a friendly death drake (charmed).

Vanquished Creatures
  A two-headed ogre (D:10)
  Sonja (D:10)
  A sixfirhy (Gauntlet)
  The ghost of Dordric the Carver, a novice BaWr of Makhleb (D:6)
  An unseen horror (D:10)
  Maggie (D:8)
  A harpy zombie (Gauntlet)
  A troll (D:8)
  3 wyverns
  7 yaks
  2 vampire mosquitoes (D:10)
  2 water moccasins
  2 ice beasts
  2 orc warriors
  6 black bears
  An ogre (D:5)
  A wolf (D:7)
  A centaur (D:10)
  A phantom (D:5)
  3 kobold brigands
  2 bullfrogs
  A necrophage (D:7)
  3 scorpions
  3 howler monkeys
  4 hounds
  4 orc priests
  5 iguanas
  3 orc wizards
  11 adders
  A shadow imp (D:8)
  2 ufetubi
  4 worms
  3 dart slugs
  27 orcs
  4 endoplasms
  2 giant cockroaches
  8 goblins
  9 hobgoblins
  4 jackals (D:3)
  18 kobolds
  2 quokkas
  16 ball pythons
  6 bats
  2 frilled lizards
  A goblin skeleton (D:8)
  A goblin zombie (D:8)
  A hobgoblin zombie (D:8)
  3 kobold zombies (D:8)
  An orc skeleton (D:8)
  2 orc zombies (D:8)
  7 rats
199 creatures vanquished.

Vanquished Creatures (collateral kills)
  Erica (D:8)
  A boulder beetle (D:8)
  2 trolls (D:11)
  Prince Ribbit (D:9)
  5 yaks
  A wyvern (D:9)
  An orc warrior (D:10)
  3 wolves (D:8)
  2 bullfrogs (D:8)
  A necrophage (D:7)
  A scorpion (D:6)
  2 electric eels (D:8)
  A hound (D:8)
  3 orc wizards
  2 adders (D:6)
  A white imp (D:8)
  An ufetubus (Gauntlet)
  5 orcs
  A hobgoblin zombie (D:8)
  2 kobolds
  An orc skeleton (D:8)
  An orc zombie (D:8)
  A bush (D:6)
40 creatures vanquished.

Vanquished Creatures (others)
  10 hexers
  2 ancestors
  A withered plant (Gauntlet)
13 creatures vanquished.

Grand Total: 252 creatures vanquished

Notes
Turn   | Place    | Note
-------+----------+-------------------------------------------
     0 | D:1      | voltaire321 the Merfolk Gladiator began the quest for the
                  | Orb.
     0 | D:1      | Reached XP level 1. HP: 16/16 MP: 1/1
    70 | D:1      | Reached XP level 2. HP: 23/23 MP: 2/2
   343 | D:1      | Reached XP level 3. HP: 28/28 MP: 3/3
   607 | D:2      | Reached XP level 4. HP: 35/35 MP: 4/4
  1290 | D:3      | Reached skill level 5 in Polearms
  1326 | D:3      | Found an opulent altar of Gozag.
  1509 | D:3      | Reached skill level 5 in Dodging
  1513 | D:3      | Reached XP level 5. HP: 41/41 MP: 5/5
  2365 | D:4      | Reached XP level 6. HP: 45/48 MP: 6/6
  2626 | D:4      | Found a staircase to the Ecumenical Temple.
  2658 | Temple   | Entered the Ecumenical Temple
  2878 | Temple   | Became a worshipper of Hepliaklqana the Forgotten
  3526 | D:5      | Entered Level 5 of the Dungeon
  3573 | D:5      | Reached skill level 1 in Invocations
  3573 | D:5      | Reached XP level 7. HP: 36/54 MP: 7/7
  3886 | D:5      | Found Feath's Book Shoppe.
  4201 | D:5      | Found Saletain's Weapon Shoppe.
  4315 | D:5      | Found a hide-covered altar of Uskayaw.
  4316 | D:5      | Found a shimmering blue altar of Sif Muna.
  4317 | D:5      | Found a stormy altar of Qazlal.
  4381 | D:5      | Reached skill level 5 in Fighting
  4381 | D:5      | Reached XP level 8. HP: 23/62 MP: 8/10
  4509 | D:5      | Found the +6 shillelagh "Devastator" {shatter}
  4521 | D:5      | Reached * piety under Hepliaklqana
  4601 | D:5      | Found Meirum's Magic Scroll Shop.
  4604 | D:5      | Bought a scroll of identify for 24 gold pieces
  4604 | D:5      | Bought a scroll of identify for 24 gold pieces
  4604 | D:5      | Bought a scroll of fear for 48 gold pieces
  4604 | D:5      | Bought a scroll of magic mapping for 90 gold pieces
  4608 | D:5      | Reached skill level 10 in Polearms
  4608 | D:5      | Reached skill level 10 in Dodging
  4608 | D:5      | Reached XP level 9. HP: 67/67 MP: 11/11
  4828 | D:6      | Found a bloodstained altar of Trog.
  5031 | D:6      | You fall into a shaft and drop 1 floor!
  5043 | D:7      | Found a sparkling altar of Nemelex Xobeh.
  5227 | D:6      | Found a runed translucent door.
  5228 | D:6      | Noticed Dordric's ghost (novice BaWr)
  5534 | D:6      | Killed Dordric's ghost
  5771 | D:7      | Reached skill level 5 in Throwing
  5771 | D:7      | Found a blossoming altar of Fedhas.
  6032 | D:7      | Found a shimmering altar of Xom.
  6061 | D:7      | Reached skill level 5 in Armour
  6062 | D:7      | Reached XP level 10. HP: 74/74 MP: 12/12
  6096 | D:7      | Reached ** piety under Hepliaklqana
  6099 | D:7      | Remembered your ancestor Synnove as a hexer
  6635 | D:8      | Found a glowing golden altar of the Shining One.
  6642 | D:8      | Noticed a boulder beetle
  6678 | D:8      | Killed a boulder beetle
  6750 | D:8      | Noticed Erica
  6762 | D:8      | Killed Erica
  7100 | D:8      | Noticed Maggie
  7397 | D:8      | Reached skill level 1 in Evocations
  7870 | D:8      | Killed Maggie
  7887 | D:9      | Found a snail-covered altar of Cheibriados.
  7931 | D:9      | Reached XP level 11. HP: 66/80 MP: 14/14
  8039 | D:9      | Found Fofiha's Distillery.
  8069 | D:9      | Bought a potion of heal wounds for 60 gold pieces
  8069 | D:9      | Bought a potion of curing for 36 gold pieces
  8069 | D:9      | Bought a potion of curing for 36 gold pieces
  8087 | D:9      | Reached skill level 5 in Invocations
  8366 | D:9      | Identified a scroll of acquirement
  8366 | D:9      | Acquired 623 gold pieces
  8563 | D:9      | Found Kieses's Weapon Emporium.
  8568 | D:9      | Found a staircase to the Orcish Mines.
  8618 | D:9      | Found a transporter.
  8631 | D:9      | Found a transporter.
  8672 | D:9      | Found a transporter.
  8677 | D:9      | Found a transporter.
  8769 | D:9      | Reached *** piety under Hepliaklqana
  9072 | D:9      | Noticed Prince Ribbit
  9078 | D:9      | Killed Prince Ribbit
  9200 | D:10     | Entered Level 10 of the Dungeon
  9447 | D:10     | Noticed a two-headed ogre
  9459 | D:10     | Killed a two-headed ogre
  9460 | D:10     | Reached skill level 10 in Fighting
  9775 | D:10     | Found Ockoeteps's Antique Armour Emporium.
  9834 | D:10     | Noticed Sonja
  9843 | D:10     | Killed Sonja
 10274 | D:10     | Bought a glimmering buckler for 190 gold pieces
 10274 | D:10     | Identified the -1 buckler of Zuudd {-Tele rCorr Int-5
                  | Dex+4} (You bought it in a shop on level 10 of the Dungeon)
 11009 | D:11     | Found a gate leading to a gauntlet.
 11013 | Gauntlet | Entered a Gauntlet
 11013 | Gauntlet | Found a transporter.
 11021 | Gauntlet | Found a transporter.
 11023 | Gauntlet | Found a transporter.
 11025 | Gauntlet | Noticed a sixfirhy
 11026 | Gauntlet | a yaktaur changed into a salamander
 11026 | Gauntlet | Noticed a salamander (shapeshifter)
 11027 | Gauntlet | Found a runed translucent door.
 11035 | Gauntlet | Found a runed translucent door.
 11038 | Gauntlet | Found a transporter.
 11040 | Gauntlet | Found a transporter.
 11046 | Gauntlet | Noticed a death drake
 11050 | Gauntlet | Found a transporter.
 11066 | Gauntlet | Found a transporter.
 11069 | Gauntlet | Noticed an obsidian statue
 11076 | Gauntlet | Found a transporter.
 11094 | Gauntlet | Found a transporter.
 11108 | Gauntlet | Found a transporter.
 11117 | Gauntlet | Found a transporter.
 11120 | Gauntlet | Found a transporter.
 11135 | Gauntlet | Noticed a manticore
 11146 | Gauntlet | a jumping spider changed into a manticore
 11146 | Gauntlet | Noticed a manticore (shapeshifter)
 11177 | Gauntlet | Noticed a lindwurm
 11182 | Gauntlet | Noticed a shock serpent
 11197 | Gauntlet | a shock serpent changed into a goliath frog
 11197 | Gauntlet | Noticed a goliath frog (shapeshifter)
 11198 | Gauntlet | a lindwurm changed into a wind drake
 11202 | Gauntlet | a water nymph changed into a great orb of eyes
 11202 | Gauntlet | Noticed a great orb of eyes (shapeshifter)
 11213 | Gauntlet | a great orb of eyes changed into a satyr
 11213 | Gauntlet | Noticed a satyr (shapeshifter)
 11224 | Gauntlet | a satyr changed into a death yak
 11224 | Gauntlet | Noticed a death yak (shapeshifter)
 11226 | Gauntlet | a wind drake changed into a mana viper
 11226 | Gauntlet | Noticed a mana viper (shapeshifter)
 11234 | Gauntlet | a goliath frog changed into an alligator
 11234 | Gauntlet | Noticed an alligator (shapeshifter)
 11253 | Gauntlet | an alligator changed into a radroach
 11253 | Gauntlet | Noticed a radroach (shapeshifter)
 11254 | Gauntlet | a radroach changed into an ettin
 11254 | Gauntlet | Noticed an ettin (shapeshifter)
 11280 | Gauntlet | a mana viper changed into an eye of devastation
 11290 | Gauntlet | an eye of devastation changed into a cyclops
 11290 | Gauntlet | Noticed a cyclops (shapeshifter)
 11291 | Gauntlet | Found a transporter.
 11333 | Gauntlet | Killed a sixfirhy
 11507 | Gauntlet | Identified the amulet of Paranoia {Acrobat Str+2}
 11592 | Gauntlet | Engulfed by a death drake's foul pestilence

Illustrated notes

Levels and vault maps discovered:
D:1:      moated_graveyard_arrival, layout_rooms, minmay_split_cup_large
D:2:      layout_rooms, minmay_pentomino_p4
D:3:      layout_loops_corners, amcnicky_altar_gilded, minmay_snake_closets
D:4:      layout_loops_ring, minmay_temple_entry_butterflies,
          amcnicky_mini_corridor_feature
D:5:      layout_layer_cave, minitemple, serial_shops,
          nicolae_shop_behind_doors,
          nicolae_shop_temple_entry_statues_fountains,
          nicolae_shop_competitors_out_of_business,
          dilly_guarded_unrand_devastator
D:6:      layout_rooms, trog_ov_bears_minmay, ebering_ghost_reflecting_pool
D:7:      layout_loops_ring, mainiacjoe_overflow_boulevard,
          mainiacjoe_overflow_brackets, nicolae_overflow_crystal_walls
D:8:      layout_basic, nicolae_tso_besieged_by_evil, erik_lair_island,
          uniq_maggie, uniq_erica
D:9:      layout_basic, kennysheep_slug_shrine, orc_david_3, serial_shops,
          nicolae_shop_crystal, nicolae_transporter_intersection,
          uniq_prince_ribbit1
D:10:     layout_layer_cave, serial_shops, nicolae_inconvenience_store,
          uniq_sonja
D:11:     layout_rooms, gauntlet_entry_generic, minmay_starry_boxes
Temple:   hc_temple_tempest_star
Gauntlet: minmay_gauntlet_77_tree [minmay_gauntlet_arena_77_squiggly,
          minmay_gauntlet_arena_77_braids, minmay_gauntlet_arena_77_cramped,
          minmay_gauntlet_arena_77_p_blocks, minmay_gauntlet_arena_77_two_paths,
          minmay_gauntlet_arena_77_museum,
          minmay_gauntlet_arena_77_broken_ladder,
          nicolae_gauntlet_exit_dead_adventurers]

Skill      XL: |  1  2  3  4  5  6  7  8  9 10 11 |
---------------+----------------------------------+-----
Fighting       | 3 4 5 8 9 10 | 10.3
Polearms       | 5 6 10 11 12 | 12.5
Dodging        | 5 6 10 11 12 | 12.3
Throwing       | 3 4 5 6 7 |  7.0
Invocations    | 1 2 3 4 6 |  6.3
Armour         | 4 5 |  5.0
Evocations     | 1 3 |  3.6

Action                   |  1- 3 |  4- 6 |  7- 9 | 10-12 || total
-------------------------+-------+-------+-------+-------++-------
Melee: Trident           |    92 |   313 |   257 |   466 ||  1128
       Punch             |     1 |     3 |     5 |     9 ||    18
Throw: Dart              |       |       |    40 |    46 ||    86
       Javelin           |       |       |     1 |       ||     1
Invok: Recall Ancestor   |       |       |     1 |       ||     1
       Ancestor Life: He |       |       |       |     1 ||     1
Evoke: Wand              |       |       |       |     2 ||     2
  Use: Scroll            |       |     6 |     6 |    14 ||    26
       Potion            |       |       |     1 |     5 ||     6
 Stab: Sleeping          |     2 |     6 |       |     1 ||     9
       Confused          |       |       |       |    15 ||    15
       Distracted        |       |       |       |     6 ||     6
Armor: Leather armour    |    23 |    64 |    45 |       ||   132
       Ring mail         |       |       |     6 |    37 ||    43
       Swamp dragon scal |       |       |       |    54 ||    54
Dodge: Dodged            |    51 |   190 |   115 |   470 ||   826

Table legend: (Time is in decaauts)
 A = Elapsed time spent in this place.
 B = Non-inter-level travel time spent in this place.
 C = Inter-level travel time spent in this place.
 D = Time resting spent in this place.
 E = Time spent auto-exploring this place.
 F = Levels seen in this place.
 G = Mean time per level.
                   A        B        C        D        E       F      G
               +--------+--------+--------+--------+--------+-----+--------+
         Total |  11354 |  11055 |    299 |   2498 |   5309 |  13 |  873.4 |
       Dungeon |  10590 |  10306 |    284 |   2203 |   5196 |  11 |  962.7 |
        Temple |    191 |    176 |     15 |      0 |    112 |   1 |  191.0 |
      Gauntlet |    572 |    572 |      0 |    295 |      0 |   1 |  572.0 |
               +--------+--------+--------+--------+--------+-----+--------+

Top non-repeatable levels by time:
    D:10: 1700 daAuts
     D:5: 1275 daAuts
     D:3: 1272 daAuts
     D:9: 1270 daAuts
     D:7: 1202 daAuts
     D:4: 1120 daAuts
     D:8: 1067 daAuts
     D:6: 693 daAuts
Gauntlet: 572 daAuts
     D:1: 528 daAuts
     D:2: 394 daAuts
  Temple: 191 daAuts
    D:11: 64 daAuts
